 Dungeon Crawl Stone Soup version 0.26.0-9-gab577f9fc5 (webtiles) character file.

Game seed: 4990266214506569833

231822 Kejsarherre the Brawler (level 19, 0/179 HPs)
             Began as a Ghoul Monk on Jan 13, 2021.
             Was a High Priest of Makhleb.
             Slain by a tentacle (12 damage)
             ... attached to a kraken
             ... on level 1 of the Shoals.
             The game lasted 02:40:29 (52192 turns).

Kejsarherre the Brawler (Ghoul Monk)               Turns: 52192, Time: 02:40:29

Health: 0/179      AC: 20    Str: 21 (23) XL:     19   Next: 52%
Magic:  27/27      EV:  5    Int: 17      God:    Makhleb [*****.]
Gold:   3080       SH: 21    Dex: 10 (11) Spells: 18/18 levels left

rFire    + + .     SeeInvis .     - Unarmed
rCold    + + +     Faith    .   T - +2 kite shield
rNeg     + + +     Spirit   .   N - +0 gold dragon scales
rPois    ∞         Reflect  +   H - -2 hat of the Alchemist {rElec rPois rF+ rC+ rN+ Will+ rMut rCorr}
rElec    +         Harm     .   F - +2 cloak {rPois}
rCorr    +         Rampage  .   (no gloves)
rMut     +                      (no boots)
Will     ++...                  L - amulet of reflection
Stlth    ..........             P - +6 ring of intelligence
HPRegen  0.00/turn              t - +6 ring of strength
MPRegen  0.20/turn

@: very slow
A: claws 1, cold resistance 1, negative energy resistance 3, inhibited
regeneration, torment resistance, unbreathing
}: 1/15 runes: gossamer
a: Renounce Religion, Minor Destruction, Lesser Servant of Makhleb, Major
Destruction, Greater Servant of Makhleb


You were on level 1 of the Shoals.
You worshipped Makhleb.
Makhleb was extremely pleased with you.
You visited 8 branches of the dungeon, and saw 31 of its levels.
You also visited: Ossuary, Bailey and Gauntlet.

You collected 4224 gold pieces.
You spent 1144 gold pieces at shops.

Inventory:

Missiles
 G - 29 silver javelins (quivered)
Armour
 r - a +0 tower shield
 F - a +2 cloak of poison resistance (worn)
 H - the -2 hat of the Alchemist (worn) {rElec rPois rF+ rC+ rN+ Will+ rMut rCorr}
   (You found it in a Gauntlet)

   It protects you from fire.
   It protects you from cold.
   It insulates you from electricity.
   It protects you from poison.
   It protects you from negative energy.
   It affects your willpower, your defense against some magical effects.
   It provides partial protection from all sources of acid and corrosion.
   It protects you from mutation.
 N - +0 gold dragon scales (worn)
 T - a +2 kite shield (worn)
Jewellery
 f - an uncursed amulet of guardian spirit
 t - a +6 ring of strength (right claw)
 u - an uncursed amulet of faith
 y - an uncursed ring of magical power
 z - an uncursed ring of protection from fire
 D - an uncursed ring of ice
 I - an uncursed ring of flight
 L - an amulet of reflection (around neck)
 P - a +6 ring of intelligence (left claw)
 S - the cursed ring "Weduabux" {MP+9 Dex-4}
   (You took it off an ironheart preserver on level 1 of the Vaults)

   [ring of dexterity]

   It affects your dexterity (-4).
   It affects your magic capacity (+9).
   It has a curse placed upon it.
Wands
 a - a wand of iceblast (8)
 n - a wand of random effects (34)
 q - a wand of enslavement (8)
 v - a wand of flame (12)
 A - a wand of paralysis (17)
 E - a wand of polymorph (51)
 J - a wand of disintegration (4)
 O - a wand of digging (5)
Scrolls
 c - 26 scrolls of remove curse
 d - 11 scrolls of enchant weapon
 e - 9 scrolls of identify
 j - 3 scrolls of enchant armour
 l - 9 scrolls of teleportation
 s - 6 scrolls of amnesia
 M - a scroll of torment
 Q - 2 scrolls of silence
Potions
 b - 7 potions of ambrosia
 h - 4 potions of flight
 m - 3 potions of might
 o - 5 potions of magic
 p - 2 potions of haste
 w - 3 potions of attraction
 x - 3 potions of cancellation
 B - 5 potions of resistance
 C - 3 potions of brilliance
Miscellaneous
 k - a box of beasts


   Skills:
 + Level 18.2 Fighting
 - Level 12.4 Armour
 - Level 4.0 Dodging
 - Level 2.1 Stealth
 - Level 15.6 Shields
 - Level 18.2 Unarmed Combat
 - Level 12.2 Invocations


You had 18 spell levels left.
You didn't know any spells.
Your spell library contained the following spells:

 Spells                   Type           Power        Failure   Level
 Animate Skeleton         Necr           0%           100%        1
 Apportation              Tloc           0%           100%        1
 Corona                   Hex            0%           100%        1
 Magic Dart               Conj           0%           100%        1
 Pain                     Necr           0%           100%        1
 Sandblast                Erth           0%           100%        1
 Shock                    Conj/Air       0%           100%        1
 Sting                    Tmut/Pois      0%           100%        1
 Summon Small Mammal      Summ           0%           100%        1
 Blink                    Tloc           N/A          100%        2
 Call Imp                 Summ           0%           100%        2
 Corpse Rot               Necr/Air       N/A          100%        2
 Ensorcelled Hibernation  Hex/Ice        0%           100%        2
 Passwall                 Tmut/Erth      0%           100%        2
 Poisonous Vapours        Pois/Air       0%           100%        2
 Slow                     Hex            0%           100%        2
 Swiftness                Air            0%           100%        2
 Call Canine Familiar     Summ           0%           100%        3
 Confusing Touch          Hex            0%           100%        3
 Conjure Flame            Conj/Fire      0%           100%        3
 Dazzling Flash           Conj/Hex       0%           100%        3
 Ignite Poison            Fire/Tmut/Pois 0%           100%        3
 Inner Flame              Hex/Fire       0%           100%        3
 Lesser Beckoning         Tloc           0%           100%        3
 Mephitic Cloud           Conj/Pois/Air  0%           100%        3
 Static Discharge         Conj/Air       0%           100%        3
 Stone Arrow              Conj/Erth      0%           100%        3
 Summon Guardian Golem    Hex/Summ       0%           100%        3
 Tukima's Dance           Hex            0%           100%        3
 Vampiric Draining        Necr           0%           100%        3
 Animate Dead             Necr           0%           100%        4
 Dispel Undead            Necr           0%           100%        4
 Leda's Liquefaction      Hex/Erth       0%           100%        4
 Olgreb's Toxic Radiance  Pois           0%           100%        4
 Sticky Flame             Conj/Fire      0%           100%        4
 Summon Ice Beast         Ice/Summ       0%           100%        4
 Summon Lightning Spire   Summ/Air       0%           100%        4
 Agony                    Necr           0%           100%        5
 Alistair's Intoxication  Tmut/Pois      0%           100%        5
 Bolt of Magma            Conj/Fire/Erth 0%           100%        5
 Borgnjor's Vile Clutch   Necr/Erth      0%           100%        5
 Fireball                 Conj/Fire      0%           100%        5
 Irradiate                Conj/Tmut      0%           100%        5
 Silence                  Hex/Air        0%           100%        5
 Conjure Ball Lightning   Conj/Air       0%           100%        6
 Death Channel            Necr           0%           100%        6
 Invisibility             Hex            0%           100%        6
 Iron Shot                Conj/Erth      0%           100%        6
 Shadow Creatures         Summ           N/A          100%        6
 Simulacrum               Ice/Necr       0%           100%        6
 Shatter                  Erth           0%           100%        9
 Tornado                  Air            0%           100%        9
 Beastly Appendage        Tmut           Unusable     N/A         1
 Wereblood                Tmut           Unusable     N/A         2
 Spider Form              Tmut/Pois      Unusable     N/A         3
 Ice Form                 Ice/Tmut       Unusable     N/A         4
 Blade Hands              Tmut           Unusable     N/A         5
 Hydra Form               Tmut           Unusable     N/A         6
 Statue Form              Tmut/Erth      Unusable     N/A         6
 Dragon Form              Tmut           Unusable     N/A         7

Dungeon Overview and Level Annotations

Branches:
Dungeon (15/15)            Temple (1/1) D:4            Lair (6/6) D:9
 Shoals (1/4) Lair:3       Spider (4/4) Lair:2        Slime (0/5) Lair:6
    Orc (2/2) D:12            Elf (0/3) Orc:2        Vaults (1/5) D:14
 Depths (1/5) D:15        Ossuary (visited)          Bailey (visited)
Gauntlet (visited)

Altars:
Ashenzari
Cheibriados
Dithmenos
Elyvilon
Fedhas
Gozag
Hepliaklqana
Kikubaaqudgha
Makhleb
Nemelex Xobeh
Okawaru
Qazlal
Ru
Sif Muna
Trog
Uskayaw
Vehumet
Wu Jian
Xom
Yredelemnul
Zin
The Shining One
Beogh

Shops:
D:4 =   D:5 *   D:10 (   Orc:2 =([}   Shoals:1 [:}[

Annotations:
D:6 1 runed translucent door, rabbi's ghost, novice OpBe
Orc:2 2 transporters, kwass's ghost, journeyman BaSu
Vaults:1 Adoajy's ghost, adept DsWr; Faydane's ghost, veteran HuFi; Lukheov's ghost, veteran DrWn; SpeedRobin's ghost, adept DDFi; eruonna's ghost, veteran HOBe; tamionv's ghost, adept GrFi


Innate Abilities, Weirdness & Mutations

You thrive by killing the living.
You are immune to poison.
You have sharp fingernails.
Your flesh is cold resistant. (rC+)
You are immune to negative energy. (rN+++)
You do not regenerate when monsters are visible.
You are immune to unholy pain and torment.
You can survive without breathing.


Message History

You block the tentacle's attack. The tentacle slaps you!
* * * LOW HITPOINT WARNING * * *
The tentacle slaps you but does no damage.
You block the tentacle's attack.
Unknown command.
You block the tentacle's attack. x2; The tentacle barely misses you.
Okay, then.
Unknown command.
A demon appears!
You block the tentacle's attack. The tentacle closely misses you.
You block the tentacle's attack.
A tentacle segment bursts forth from the water. x2
You block the tentacle's attack. The tentacle slaps you!
* * * LOW HITPOINT WARNING * * *
Unknown command.
Okay, then.
You enter the shallow water.
Moving in this stuff is going to be slow.
Tentacles burst out of the water!
You block the tentacle's attack. The tentacle slaps you!
You die...

≈≈≈≈≈≈≈≈≈≈≈≈≈≈≈≈≈≈≈≈≈≈≈≈..≈≈≈
≈≈≈≈≈≈≈≈≈≈≈≈≈≈≈≈≈≈≈≈≈≈#≈.#..≈
≈≈≈≈≈≈≈≈≈≈≈≈≈≈≈≈≈≈≈≈≈##≈†##..
≈≈≈≈≈≈≈≈≈≈≈≈≈≈≈≈≈≈≈≈# #≈.###.
≈≈≈≈≈≈≈≈≈≈)≈≈≈≈w≈≈≈# ##≈.####
≈≈≈≈≈≈≈≈≈≈≈≈≈≈≈X≈≈####≈≈..###
≈≈≈≈≈≈≈.....*≈w≈≈≈≈≈≈≈≈≈≈....
≈≈≈≈≈≈..###ww≈P≈P≈≈≈≈≈≈≈≈≈...
≈≈≈≈≈..## ##@≈2≈≈≈####≈≈≈≈###
≈≈≈≈≈.. #.≈≈≈≈≈≈# ##≈≈####
≈≈≈≈... #.P≈≈≈≈≈≈≈# #≈≈###.
≈≈≈...≈ ≈.≈≈.≈P≈≈≈≈≈≈##≈≈##≈≈
≈≈≈.P≈≈≈≈≈≈P≈≈P≈≈≈≈≈≈≈#≈≈#≈≈≈
≈..........≈P≈≈P≈≈≈≈≈≈≈≈≈≈≈≈≈
.##.≈≈≈≈≈≈P≈≈≈≈≈≈≈≈≈≈≈ .#
#≈≈≈≈≈≈≈≈P≈≈≈P.≈≈≈P≈
#≈≈≈≈..≈≈≈≈≈≈P≈≈≈≈≈≈


You could see a kraken, 4 tentacles and a friendly green death (summoned).

Vanquished Creatures
  Mara (Spider:3)
  Nikola (Spider:1)
  Arachne (Spider:1)
  A tentacled monstrosity (D:14)
  Kirke (Shoals:1)
  Roxanne (Shoals:1)
  Louise (Spider:2)
  Aizul (Spider:2)
  4 ghost moths
  4 vault wardens (Vaults:1)
  2 emperor scorpions (Spider:4)
  4 ironheart preservers
  2 entropy weavers
  The ghost of Dwachs the Frost Mage, a journeyman GnIE of Okawaru (Lair:5)
  Josephine (D:15)
  2 fire dragons
  A merfolk javelineer (Shoals:1)
  3 yaktaur captains (Vaults:1)
  An ice dragon (Vaults:1)
  6 boulder beetles
  6 vault guards (D:14)
  6 hydras
  3 catoblepae
  A hell beast (Gauntlet)
  4 centaur warriors
  29 two-headed ogres
  6 ogre magi
  A death yak (Lair:6)
  2 deep troll earth magi (Depths:1)
  2 tengu warriors (D:14)
  An orc high priest (Orc:2)
  A dancing weapon (Lair:5)
  Sonja (Lair:1)
  3 skeletal warriors (Vaults:1)
  A deep elf knight (D:14)
  3 unseen horrors
  4 sea snakes (Shoals:1)
  A lindwurm (Lair:3)
  4 deep trolls
  2 wizards
  2 ironbrand convokers
  A swamp dragon (Lair:6)
  7 harpies (Shoals:1)
  3 deep elf archers (Vaults:1)
  A wolf spider zombie (D:14)
  2 necromancers
  9 orc knights
  7 cyclopes
  45 wolf spiders
  6 deep elf magi
  13 orb spiders
  A stone giant zombie (Vaults:1)
  9 orc sorcerers
  4 fauns (Shoals:1)
  15 ugly things
  6 elephants
  A manticore (Shoals:1)
  Maurice (D:9)
  2 moths of wrath
  5 centaur zombies
  5 vault sentinels (Vaults:1)
  An ice statue (Gauntlet)
  2 gargoyles (D:14)
  4 black mambas
  A naga mage (D:15)
  9 cane toads
  A water nymph (Shoals:1)
  A torpor snail (Spider:2)
  5 centaur skeletons
  7 rime drakes
  11 demonic crawlers
  10 komodo dragons
  2 efreet
  10 yaktaurs
  A yaktaur skeleton (Vaults:1)
  A queen bee (shapeshifter) (Vaults:1)
  A jumping spider (shapeshifter) (D:14)
  3 meliai (Spider:3)
  A tengu conjurer (D:14)
  46 jumping spiders
  3 polar bears
  7 merfolk (Shoals:1)
  10 trolls
  5 hornets
  A raiju (shapeshifter) (Vaults:1)
  A wind drake (Shoals:1)
  12 slime creatures
  A snapping turtle (Shoals:1)
  12 blink frogs
  A meliai zombie (D:15)
  A centaur simulacrum (D:15)
  88 redbacks
  6 wraiths
  A spriggan (D:8)
  38 tarantellas
  4 water elementals
  4 wyverns
  A vampire (D:9)
  3 hogs (Shoals:1)
  A fire elemental (Lair:4)
  53 yaks
  A steam dragon (D:11)
  8 basilisks
  A warg (Vaults:1)
  9 vampire mosquitoes
  2 soldier ants
  7 acid dragons
  11 water moccasins
  A deep troll zombie (Vaults:1)
  6 ice beasts
  3 swamp drakes (Lair:6)
  2 black bears
  2 eyes of draining
  2 sky beasts
  25 ogres
  43 orc warriors
  A human zombie (Vaults:1)
  5 centaurs
  3 boggarts (Vaults:1)
  12 wolves
  2 big kobolds
  Blork the orc (D:5)
  25 bullfrogs
  A wyvern zombie (D:6)
  8 earth elementals (D:14)
  2 water moccasin zombies (Ossuary)
  4 scorpions
  2 wyvern skeletons
  14 wights
  5 electric eels
  6 howler monkeys
  2 bullfrog zombies
  2 hounds
  23 orc priests
  Crazy Yiuf (D:2)
  2 jellies
  25 orc wizards
  A bullfrog skeleton (D:12)
  9 iguanas
  Ijyb (D:5)
  7 hell rats (Lair:6)
  8 worker ants
  A killer bee zombie (D:5)
  A big kobold zombie (Ossuary)
  3 hound zombies
  2 mummies (Ossuary)
  2 hound skeletons
  10 adders
  8 gnolls
  4 shadow imps
  3 white imps
  An ufetubus (D:7)
  2 oozes
  7 adder zombies
  An adder skeleton (D:6)
  2 worms
  A dart slug (D:2)
  4 leopard geckos
  118 orcs
  3 bats
  5 giant cockroaches
  4 gnoll zombies (Ossuary)
  4 hobgoblins
  4 jackals
  4 quokkas
  A ball python (D:6)
  4 frilled lizards
  11 goblins
  7 hobgoblin zombies (Ossuary)
  22 kobolds
  7 kobold zombies (Ossuary)
  5 orc zombies (Ossuary)
  A quokka skeleton (D:5)
  5 rats
  2 tentacles (Shoals:1)
1189 creatures vanquished.

Vanquished Creatures (collateral kills)
  Jorgrun (Spider:2)
  An orc warlord (Orc:1)
  2 vault wardens
  A ghost moth (Spider:3)
  2 emperor scorpions (Spider:4)
  2 ironheart preservers (Vaults:1)
  2 entropy weavers
  A minotaur (Gauntlet)
  A vault guard (Vaults:1)
  A boulder beetle (D:10)
  A hydra (D:10)
  2 two-headed ogres
  A tengu warrior (D:13)
  An ogre mage (Vaults:1)
  A deep troll (Vaults:1)
  An ugly thing (D:14)
  2 wolf spiders (Spider:2)
  A vault sentinel (Vaults:1)
  2 minotaur zombies (Gauntlet)
  A hornet (Spider:3)
  2 redbacks (Spider:2)
  4 tarantellas
  A bullfrog (D:10)
34 creatures vanquished.

Vanquished Creatures (others)
  A centaur warrior (D:14)
  A deep troll (Depths:1)
  An unseen horror (D:14)
  2 jumping spiders
  A tarantella (Spider:2)
  A boggart (Vaults:1)
  A hound (D:4)
  A giant cockroach (D:4)
  27 fungi
  96 plants
  20 tentacles (Shoals:1)
152 creatures vanquished.

Grand Total: 1375 creatures vanquished

Notes
Turn   | Place    | Note
-------+----------+-------------------------------------------
     0 | D:1      | Kejsarherre the Ghoul Monk began the quest for the Orb.
     0 | D:1      | Reached XP level 1. HP: 19/19 MP: 0/0
   151 | D:1      | Reached XP level 2. HP: 23/26 MP: 1/1
   788 | D:2      | Reached XP level 3. HP: 33/33 MP: 2/2
   825 | D:2      | You fall into a shaft and drop 1 floor!
   853 | D:3      | Reached skill level 1 in Armour
   853 | D:3      | Reached XP level 4. HP: 28/40 MP: 3/3
   953 | D:3      | Found a glowing golden altar of the Shining One.
  1087 | D:3      | Reached skill level 1 in Shields
  1102 | D:3      | Found an ornate altar of the Wu Jian Council.
  1286 | D:3      | Found a hazy altar of Hepliaklqana.
  1708 | D:2      | Found a runed translucent door.
  1709 | D:2      | Noticed Crazy Yiuf
  1754 | D:2      | Reached XP level 5. HP: 41/47 MP: 4/4
  2212 | D:2      | Killed Crazy Yiuf
  2431 | D:4      | Reached XP level 6. HP: 34/53 MP: 5/5
  2672 | D:4      | Found a shimmering altar of Xom.
  2917 | D:4      | Found Ferosuont's Jewellery Shoppe.
  3036 | D:4      | Reached XP level 7. HP: 28/60 MP: 6/6
  3208 | D:4      | Reached skill level 5 in Shields
  3260 | D:4      | Found a staircase to the Ecumenical Temple.
  3303 | Temple   | Entered the Ecumenical Temple
  3628 | D:5      | Entered Level 5 of the Dungeon
  3634 | D:5      | Found a sand-covered staircase.
  3639 | Ossuary  | Entered an ossuary
  3864 | Ossuary  | Reached skill level 5 in Unarmed Combat
  4190 | D:5      | Noticed Ijyb
  4191 | D:5      | Paralysed by Ijyb for 5 turns
  4213 | D:5      | Paralysed by Ijyb for 3 turns
  4217 | D:5      | Killed Ijyb
  4460 | D:5      | Found Jyishrao's General Store.
  4518 | D:5      | Reached XP level 8. HP: 64/67 MP: 7/7
  4709 | D:5      | Noticed Blork the orc
  4721 | D:5      | Killed Blork the orc
  5080 | D:6      | Found a stormy altar of Qazlal.
  5214 | D:6      | Found a runed translucent door.
  5214 | D:6      | Noticed rabbi's ghost (novice OpBe)
  5742 | D:6      | Found a sparkling altar of Nemelex Xobeh.
  5742 | D:6      | Found a shimmering altar of Xom.
  5742 | D:6      | Found a stormy altar of Qazlal.
  5742 | D:6      | Found a white marble altar of Elyvilon.
  5759 | D:6      | Found a burning altar of Makhleb.
  5773 | D:6      | Found a sacrificial altar of Ru.
  5776 | D:6      | Became a worshipper of Makhleb the Destroyer
  5776 | D:6      | Reached * piety under Makhleb
  5776 | D:6      | Reached ** piety under Makhleb
  6233 | D:7      | Got a steaming ring mail
  6244 | D:7      | Identified the cursed +0 ring mail "Qaiclaru" {Rampage}
                  | (You found it on level 7 of the Dungeon)
  6301 | D:7      | Reached XP level 9. HP: 70/72 MP: 8/8
  6616 | D:7      | Reached skill level 5 in Armour
  7396 | D:8      | Found a shadowy altar of Dithmenos.
  7397 | D:8      | Noticed a two-headed ogre
  7417 | D:8      | Killed a two-headed ogre
  7418 | D:8      | Reached skill level 10 in Unarmed Combat
  7590 | D:8      | Found a snail-covered altar of Cheibriados.
  7633 | D:8      | Reached *** piety under Makhleb
  7937 | D:8      | Reached XP level 10. HP: 80/80 MP: 9/9
  7938 | D:8      | Noticed a two-headed ogre
  7940 | D:8      | Noticed a two-headed ogre
  7946 | D:8      | Killed a two-headed ogre
  7947 | D:8      | Reached skill level 5 in Fighting
  7959 | D:8      | Killed a two-headed ogre
  9355 | D:9      | Noticed Maurice
  9464 | D:9      | Found a staircase to the Lair.
  9491 | D:9      | Reached skill level 1 in Invocations
  9867 | D:9      | Killed Maurice
  9898 | D:10     | Entered Level 10 of the Dungeon
  9974 | D:10     | Reached **** piety under Makhleb
 10006 | D:10     | Reached XP level 11. HP: 92/92 MP: 10/12
 10708 | D:10     | Noticed a brown ugly thing
 10732 | D:10     | Killed a red ugly thing
 10899 | D:10     | Noticed a four-headed hydra
 10911 | D:10     | Killed a four-headed hydra
 11208 | D:10     | Noticed a white ugly thing
 11209 | D:10     | Noticed a boulder beetle
 11218 | D:10     | Killed a white ugly thing
 11709 | D:10     | Found Ninuytear's Antique Weapon Shoppe.
 11822 | D:10     | Killed a boulder beetle
 11855 | D:11     | Noticed a two-headed ogre
 11879 | D:11     | Killed a two-headed ogre
 11880 | D:11     | Reached skill level 5 in Invocations
 12021 | D:11     | Noticed a centaur warrior
 12150 | D:11     | Killed a centaur warrior
 13109 | D:11     | Noticed a cyan ugly thing
 13135 | D:11     | Killed a cyan ugly thing
 13136 | D:11     | Reached XP level 12. HP: 95/103 MP: 15/15
 13297 | D:11     | Noticed a two-headed ogre
 13308 | D:11     | Killed a two-headed ogre
 14135 | D:12     | Noticed a four-headed hydra
 14154 | D:12     | Killed a four-headed hydra
 14484 | D:12     | Found a broken altar of Ashenzari.
 14946 | D:12     | Reached skill level 10 in Fighting
 15058 | D:12     | Found a staircase to the Orcish Mines.
 15453 | D:13     | Found a flagged portal.
 15467 | Bailey   | Entered a bailey
 15764 | D:13     | Noticed a tengu warrior
 15777 | D:13     | Killed a tengu warrior
 15924 | D:13     | Identified the +0 dagger "Biecwiwn" {venom, rN+ Str-2
                  | Dex+6}
 16062 | D:13     | Reached skill level 10 in Armour
 16463 | D:14     | Reached ***** piety under Makhleb
 16464 | D:14     | Reached XP level 13. HP: 114/114 MP: 16/18
 17372 | D:14     | Identified the Grimoire of Flames
 17925 | D:14     | Reached skill level 10 in Invocations
 18548 | D:14     | Reached XP level 14. HP: 69/125 MP: 7/20
 19094 | D:14     | Reached skill level 15 in Unarmed Combat
 19323 | D:14     | Paralysed by an orc sorcerer for 4 turns
 19509 | D:14     | Found a gate to the Vaults.
 19666 | D:14     | Found a glowing silver altar of Zin.
 19667 | D:14     | Noticed an angel
 19694 | D:15     | Entered Level 15 of the Dungeon
 20522 | D:15     | Noticed Josephine
 20551 | D:15     | Killed Josephine
 20727 | D:15     | Got a warped ring mail
 20738 | D:15     | Identified the +1 ring mail of Amelioration {Regen+ Int-3
                  | Dex+3} (You found it on level 15 of the Dungeon)
 21374 | D:15     | Paralysed by a wizard for 6 turns
 21502 | D:15     | Found a staircase to the Depths.
 21857 | D:15     | HP: 4/127 [fire dragon/blast of flame (20)]
 23220 | Lair:1   | Entered Level 1 of the Lair of Beasts
 23220 | Lair:1   | Noticed Sonja
 23541 | Lair:1   | Reached XP level 15. HP: 135/135 MP: 22/22
 23739 | Lair:1   | Killed Sonja
 24433 | Lair:2   | You fall into a shaft and drop 2 floors!
 24442 | Lair:4   | Found a gate leading to a gauntlet.
 24450 | Gauntlet | Entered a Gauntlet
 24450 | Gauntlet | Found a transporter.
 24450 | Gauntlet | Found a transporter.
 24450 | Gauntlet | Found a transporter.
 24458 | Gauntlet | Found a transporter.
 24458 | Gauntlet | Found a transporter.
 24594 | Gauntlet | Found a transporter.
 24594 | Gauntlet | Found a transporter.
 24629 | Gauntlet | Found the -2 hat of the Alchemist {rElec rPois rF+ rC+ rN+
                  | Will+ rMut rCorr}
 24629 | Gauntlet | Found a transporter.
 24835 | Gauntlet | Found a transporter.
 24863 | Gauntlet | Identified the Almanac of Weightlessness and Evil Rituals
 26452 | Lair:5   | Found a runed translucent door.
 26471 | Lair:5   | Found a shimmering altar of Xom.
 26471 | Lair:5   | Noticed Dwachs's ghost (journeyman GnIE)
 27194 | Lair:5   | Killed Dwachs's ghost
 27620 | Lair:3   | You fall into a shaft and drop 3 floors!
 27620 | Lair:6   | Entered Level 6 of the Lair of Beasts
 27807 | Lair:3   | You fall into a shaft and drop 2 floors!
 28059 | Lair:3   | Found a staircase to the Shoals.
 28644 | Lair:2   | Found a hole to the Spider Nest.
 29054 | Shoals:1 | Entered Level 1 of the Shoals
 29115 | Lair:6   | Found a staircase to the Slime Pits.
 29662 | Lair:6   | Reached ****** piety under Makhleb
 29668 | Lair:6   | Reached XP level 16. HP: 144/144 MP: 24/24
 30485 | Orc:1    | Entered Level 1 of the Orcish Mines
 31136 | Orc:2    | Entered Level 2 of the Orcish Mines
 31171 | Orc:2    | Found a roughly hewn altar of Beogh.
 31183 | Orc:2    | Found a staircase to the Elven Halls.
 31253 | Orc:2    | Found a roughly hewn altar of Beogh.
 31281 | Orc:2    | Reached skill level 10 in Shields
 31325 | Orc:2    | Found Otazup's Jewellery Shoppe.
 31406 | Orc:2    | Found a roughly hewn altar of Beogh.
 31453 | Orc:2    | Noticed kwass's ghost (journeyman BaSu)
 31475 | Orc:2    | Found a roughly hewn altar of Beogh.
 31572 | Orc:2    | Found a transporter.
 31588 | Orc:2    | Found a transporter.
 31770 | Orc:2    | Found a roughly hewn altar of Beogh.
 31771 | Orc:2    | Found Luhek's Gadget Boutique.
 31856 | Orc:2    | Found a roughly hewn altar of Beogh.
 31913 | Orc:2    | Found a roughly hewn altar of Beogh.
 32794 | Orc:2    | Found Vainoru's Antique Armour Emporium.
 32795 | Orc:2    | Found a roughly hewn altar of Beogh.
 32813 | Orc:2    | Found Ledun's Antique Weapon Shoppe.
 32826 | Orc:2    | Bought a scorched scale mail for 252 gold pieces
 32826 | Orc:2    | Identified the +4 scale mail of Coovvor {Harm} (You bought
                  | it in a shop on level 2 of the Orcish Mines)
 32829 | Orc:2    | Identified a scroll of acquirement
 32831 | Orc:2    | Acquired 881 gold pieces
 32988 | Spider:1 | Entered Level 1 of the Spider Nest
 33460 | Spider:1 | Noticed Nikola
 33484 | Spider:1 | Killed Nikola
 35491 | Spider:2 | Noticed Aizul
 35550 | Spider:2 | Noticed Jorgrun
 35550 | Spider:2 | Noticed Arachne
 35554 | Spider:2 | HP: 7/144 [wolf spider (8)]
 36233 | Spider:2 | Killed Aizul
 36668 | Spider:1 | Reached XP level 17. HP: 82/150 MP: 25/25
 36963 | Spider:1 | Killed Arachne
 37125 | Spider:2 | Noticed Louise
 37195 | Spider:2 | Killed Louise
 37316 | Spider:2 | Killed Jorgrun
 37980 | Spider:3 | Noticed Mara
 37999 | Spider:3 | Noticed Kejsarherre's illusion
 38337 | Spider:3 | Noticed Kejsarherre's illusion
 38890 | Spider:3 | Reached skill level 15 in Shields
 39705 | Spider:3 | Killed Mara
 40819 | Spider:4 | Entered Level 4 of the Spider Nest
 42020 | Spider:4 | Reached XP level 18. HP: 137/160 MP: 0/26
 42055 | Spider:4 | HP: 4/160 [something (11)]
 42896 | Spider:4 | Got a tattered robe
 42904 | Spider:4 | Identified the +1 robe of Egusmax {rC- rN++ Will+ SInv}
                  | (You found it on level 4 of the Spider Nest)
 45092 | Spider:4 | Got a gossamer rune of Zot
 45434 | Depths:1 | Entered Level 1 of the Depths
 45892 | Vaults:1 | Entered Level 1 of the Vaults
 46225 | Vaults:1 | Reached skill level 15 in Fighting
 47557 | Vaults:1 | Found a huge runed gate.
 47557 | Vaults:1 | Found a huge runed gate.
 47557 | Vaults:1 | Found a huge runed gate.
 47557 | Vaults:1 | Found a huge runed gate.
 47557 | Vaults:1 | Found a huge runed gate.
 47557 | Vaults:1 | Found a huge runed gate.
 47558 | Vaults:1 | Found a huge runed gate.
 47558 | Vaults:1 | Found a huge runed gate.
 47558 | Vaults:1 | Found a huge runed gate.
 47558 | Vaults:1 | Found a huge runed gate.
 47567 | Vaults:1 | Found a huge runed gate.
 47567 | Vaults:1 | Found a huge runed gate.
 47567 | Vaults:1 | Found a huge runed gate.
 47567 | Vaults:1 | Found a huge runed gate.
 47567 | Vaults:1 | Found a huge runed gate.
 47568 | Vaults:1 | Found a huge runed gate.
 47569 | Vaults:1 | Found a huge runed gate.
 47570 | Vaults:1 | Found a huge runed gate.
 47571 | Vaults:1 | Found a huge runed gate.
 47579 | Vaults:1 | Found a huge runed gate.
 47579 | Vaults:1 | Found a huge runed gate.
 47579 | Vaults:1 | Found a huge runed gate.
 47579 | Vaults:1 | Found a huge runed gate.
 47579 | Vaults:1 | Found a huge runed gate.
 47579 | Vaults:1 | Found a huge runed gate.
 47580 | Vaults:1 | Found a huge runed gate.
 47581 | Vaults:1 | Found a huge runed gate.
 47582 | Vaults:1 | Found a huge runed gate.
 47592 | Vaults:1 | Found a huge runed gate.
 47592 | Vaults:1 | Found a huge runed gate.
 47592 | Vaults:1 | Found a huge runed gate.
 47592 | Vaults:1 | Found a huge runed gate.
 47592 | Vaults:1 | Found a huge runed gate.
 47593 | Vaults:1 | Found a huge runed gate.
 47595 | Vaults:1 | Found a huge runed gate.
 47596 | Vaults:1 | Found a huge runed gate.
 47788 | Vaults:1 | Identified the cursed ring "Weduabux" {MP+9 Dex-4}
 48825 | Vaults:1 | Reached XP level 19. HP: 146/173 MP: 27/27
 50664 | Vaults:1 | Noticed Faydane's ghost (veteran HuFi)
 50664 | Vaults:1 | Noticed tamionv's ghost (adept GrFi)
 50664 | Vaults:1 | Noticed Lukheov's ghost (veteran DrWn)
 50664 | Vaults:1 | Noticed tamionv's ghost (adept GrFi)
 50664 | Vaults:1 | Noticed Adoajy's ghost (adept DsWr)
 50665 | Vaults:1 | Noticed eruonna's ghost (veteran HOBe)
 50668 | Vaults:1 | Noticed SpeedRobin's ghost (adept DDFi)
 50668 | Vaults:1 | Noticed eruonna's ghost (veteran HOBe)
 50670 | Vaults:1 | Noticed a tentacled monstrosity
 50700 | D:14     | Killed a tentacled monstrosity
 50909 | Shoals:1 | Found Lodusic's Armour Shoppe.
 50977 | Shoals:1 | Found Himito's Gadget Emporium.
 50991 | Shoals:1 | Found Kaiwkaci's Antique Armour Shop.
 51031 | Shoals:1 | Bought a glowing kite shield for 232 gold pieces
 51115 | Shoals:1 | Found Yvereu's Book Emporium.
 51141 | Shoals:1 | Noticed Kirke
 51682 | Shoals:1 | Paralysed by a sphinx for 5 turns
 51697 | Shoals:1 | Killed Kirke
 51798 | Shoals:1 | Identified Roxanne's Catalogue of Earth
 51798 | Shoals:1 | Noticed Roxanne
 51810 | Shoals:1 | Killed Roxanne
 51887 | Shoals:1 | Bought a book of Transfigurations for 660 gold pieces
 52192 | Shoals:1 | Slain by a tentacle

Illustrated notes

Levels and vault maps discovered:
D:1:      doesnt_arrival_eight_statues, layout_loops_ring
D:2:      layout_loops_ring, chequers_serial_rivers_micro_b,
          uniq_crazy_yiuf_cottage
D:3:      layout_basic, nzn_wu_jian_contemplation, tso_oasis_becter,
          nzn_hepliaklqana_mist_gate
D:4:      layout_loops_ring, minmay_temple_entry_glass, serial_shops,
          nicolae_shop_statue_plus, xom_confusion_cloud
D:5:      layout_loops_ring, serial_undead, serial_undead_b, serial_undead_c,
          serial_undead_c, serial_undead_a, serial_undead_e,
          nicolae_ossuary_entry_false_entrances, minmay_shop_grid_forest,
          uniq_ijyb, uniq_blork_the_orc
D:6:      layout_rooms, minmay_overflow_temple_hex, gammafunk_ghost_grave,
          nicolae_qazlal_general_emergency
D:7:      layout_loops_corners, serial_aquarium, aquarium_bridge_island_small
          [aquarium_subvault_small_water, aquarium_subvault_wall,
          aquarium_subvault_window, aquarium_subvault_bridge,
          aquarium_subvault_wall], aquarium_window_fake, aquarium_window_fake,
          aquarium_window_2, aquarium_view_2b, aquarium_view_2b
D:8:      layout_basic, cheibriados_altar_1, basic_altar
D:9:      layout_small_grid, lair_entry_dummy, uniq_maurice
D:10:     minmay_diamond_stairs, layout_layer_cave, serial_shops,
          nicolae_shop_behind_doors, special_room [special_room_orc]
D:11:     minmay_opposing_rooms, layout_loops_ring
D:12:     layout_big_octagon, david_orc_3, dk_noncrumbling_3,
          minmay_misc_feat_rugged, lemuel_tele_altar
D:13:     layout_roguey, enter_bailey_7
D:14:     minmay_the_grid_triangle_9x9_recursive_3_mashed
          [minmay_the_grid_triangle_9x9_windchime,
          minmay_the_grid_triangle_9x9_sprig,
          minmay_the_grid_triangle_9x9_wacky_v,
          minmay_the_grid_triangle_9x9_prize_schism,
          minmay_the_grid_triangle_9x9_corrupted_corridor,
          minmay_the_grid_triangle_9x9_flanged_cone,
          minmay_the_grid_triangle_9x9_minimal,
          minmay_the_grid_triangle_9x9_impossible_snake,
          minmay_the_grid_triangle_9x9_dagger], layout_basic,
          grunt_vaults_entry_fortified, zin_angel, hangedman_cracks_in_the_wall
D:15:     grunt_enter_depths_magical_seal, layout_long_grid,
          nicolae_twisting_strands, uniq_josephine
Temple:   nicolae_temple_hex_pool
Lair:1:   layout_chaotic_city, grunt_megastairs_2, uniq_sonja
Lair:2:   layout_small_grid, spider_nest_entry_webs,
          grunt_forest_small_clearings
Lair:3:   layout_regular_city, shoals_dummy_entry, infiniplex_staircase_pool,
          grunt_megastairs_1
Lair:4:   layout_gridlike, gauntlet_entry_generic, grunt_megastairs_3
Lair:5:   layout_small_grid, ebering_ghost_xom, minivault_19
Lair:6:   guppyfry_lair_end_dragon, layout_loops_ring, slime_dummy,
          nicolae_lair_yak_garden, lemuel_fruit_fields
Shoals:1: layout_shoals, serial_shops, shop, shop, shop_fountains, shop,
          nicolae_shoals_stone_sculpture_thing, nicolae_shoals_wave_tunnel,
          uniq_kirke, uniq_roxanne
Spider:1: layout_spider_delve, uniq_nikola
Spider:2: layout_spider_delve, nicolae_spider_webs_and_nodes, uniq_jorgrun,
          uniq_arachne, uniq_louise, uniq_aizul
Spider:3: layout_spider_delve, guppyfry_spider_mini_3, uniq_mara
Spider:4: spider_rune_water
Orc:1:    layout_caves, nicolae_orc_tapped_out
Orc:2:    grunt_orc_community_town_hall, layout_caves,
          grunt_orc_community_big_house_1, grunt_orc_community_big_house_1,
          grunt_orc_community_house_1, grunt_orc_community_house_1,
          grunt_orc_community_house_1, grunt_orc_community_house_2,
          grunt_orc_community_house_3, gammafunk_ghost_arena
Vaults:1: gammafunk_vaults_ghost_door_vault, vaults_room_hallway,
          vaults_mumra_chevron_long, v_misc_4, v_rooms_6, v_pattern_4,
          vaults_room_door_ring, v_misc_26, vaults_mumra_hex,
          nicolae_vaults_border_crossing, layout_vaults_omnigrid
Depths:1: layout_gridville, serial_shops, freezing_bzr, hell_entry,
          serial_bayou_ford_a, muffindrake_ghost_dual_entry, onia_ninara_cookie

Skill      XL: |  1  2  3  4  5  6  7  8  9 10 11 12 13 14 15 16 17 18 19 |
---------------+----------------------------------------------------------+-----
Fighting       | 4 7 8 10 11 13 14 16 18 | 18.2
Unarmed Combat | 4 6 8 11 12 13 14 15 16 18 | 18.2
Armour         | 1 3 4 6 7 9 10 11 12 | 12.4
Shields        | 1 3 4 5 9 13 15 | 15.6
Invocations    | 3 6 8 10 11 12 | 12.2
Dodging        | 4 |  4.0
Stealth        | |  2.1

Action                   |  1- 3 |  4- 6 |  7- 9 | 10-12 | 13-15 | 16-18 | 19-21 || total
-------------------------+-------+-------+-------+-------+-------+-------+-------++-------
Melee: Unarmed           |    53 |   213 |   577 |   803 |  1563 |  2714 |   471 ||  6394
Invok: Minor Destruction |       |       |     2 |    33 |     9 |     5 |       ||    49
       Lesser Servant of |       |       |       |    12 |    15 |    12 |       ||    39
       Major Destruction |       |       |       |     2 |     2 |    11 |     5 ||    20
       Greater Servant o |       |       |       |       |       |    10 |     4 ||    14
Evoke: Wand              |       |       |     2 |     2 |     7 |    24 |     1 ||    36
  Use: Scroll            |       |       |    10 |    20 |     6 |    12 |     4 ||    52
       Potion            |       |       |     3 |     5 |     5 |    12 |     2 ||    27
 Stab: Sleeping          |     1 |       |     1 |     1 |       |       |       ||     3
       Paralysed         |       |       |     4 |     4 |     6 |    24 |       ||    38
       Distracted        |       |       |       |       |     1 |     3 |       ||     4
Armor: Robe              |     5 |       |       |       |       |     4 |       ||     9
       Scale mail        |     9 |    70 |   121 |       |       |       |       ||   200
       Ring mail         |       |       |    31 |    67 |       |       |       ||    98
       Plate armour      |       |       |       |   249 |   302 |       |       ||   551
       Fire dragon scale |       |       |       |       |   203 |       |       ||   203
       Gold dragon scale |       |       |       |       |    69 |  1673 |   261 ||  2003
Dodge: Dodged            |    19 |    60 |   197 |   218 |   304 |   240 |    75 ||  1113
Block: Buckler           |       |    25 |   155 |   188 |   569 |   629 |       ||  1566
       Tower shield      |       |       |       |       |       |  1968 |       ||  1968
       Reflection        |       |       |       |       |       |    43 |    33 ||    76
       Kite shield       |       |       |       |       |       |   160 |   461 ||   621
